 Dungeon Crawl Stone Soup version 0.28-a0-407-g69098e2f6d (webtiles) character file.

Game seed: 12904910652122696679

4 ytrimaz the Skirmisher (level 1, -1/18 HPs)
             Began as a Demonspawn Abyssal Knight on Sept 5, 2021.
             Was an Initiate of Lugonu.
             Slain by a goblin (3 damage)
             ... on level 1 of the Dungeon.
             The game lasted 00:00:47 (167 turns).

ytrimaz the Skirmisher (Demonspawn Abyssal Knight)   Turns: 167, Time: 00:00:48

Health: -1/18      AC:  3    Str: 10 (12) XL:     1   Next: 58%
Magic:  2/2        EV: 11    Int: 10 (13) God:    Lugonu [......]
Gold:   27         SH:  0    Dex:  9 (12) Spells: 0/0 levels left

rFire   . . .      SeeInvis .   a - +1 hand axe
rCold   . . .      Faith    .   (no shield)
rNeg    . . .      Spirit   .   b - +0 leather armour
rPois   .          Reflect  .   (no helmet)
rElec   .          Harm     .   (no cloak)
rCorr   .          Rampage  .   (no gloves)
Will    .....                   (no boots)
Stlth   +.........              (no amulet)
HPRegen 0.06/turn               (no ring)
MPRegen 0.08/turn               (no ring)

@: no status effects
A: no striking features
a: Renounce Religion


You were on level 1 of the Dungeon.
You worshipped Lugonu.
Lugonu was noncommittal.
You visited 1 branch of the dungeon, and saw 1 of its levels.
You visited the Abyss 1 time.

You collected 27 gold pieces.

Inventory:

Hand Weapons
 a - a +1 hand axe (weapon)
Missiles
 d - a throwing net
Armour
 b - a +0 leather armour (worn)


   Skills:
 + Level 3.3 Fighting
 + Level 1.7 Axes
 + Level 1.7 Armour
 + Level 0.8 Dodging
 + Level 2.4 Invocations


You couldn't memorise any spells.
You didn't know any spells.
Your spell library was empty.

Dungeon Overview and Level Annotations

Branches:
Dungeon (1/15)

Altars:


Message History

The bat hits you but does no damage.
The kobold throws a stone.
The stone misses you.
Found a robe.
The bat hits you but does no damage. The goblin hits you with a +0 club.
The goblin hits you with a +0 dagger.
You hit the goblin.
The goblin is severely wounded.
You hit the kobold but do no damage. You miss the goblin.
You barely miss the bat. The bat closely misses you. The bat hits you.
The goblin hits you but does no damage. The kobold closely misses you.
The goblin barely misses you. x2; The kobold closely misses you.
You closely miss the goblin.
The goblin is severely wounded.
You hit the kobold. You closely miss the goblin. The bat closely misses you.
The goblin hits you with a +0 dagger. The goblin barely misses you.
The kobold hits you but does no damage.
You closely miss the goblin.
The goblin is severely wounded.
You hit the kobold but do no damage. You closely miss the goblin.
The bat hits you but does no damage. The bat barely misses you.
The goblin hits you with a +0 dagger. The goblin hits you with a +0 club.
The kobold hits you with a +0 short sword.
* * * LOW HITPOINT WARNING * * *
The goblin barely misses you. The bat barely misses you.
The kobold throws a stone.
The stone barely misses you. The bat hits you.
* * * LOW HITPOINT WARNING * * *
The bat misses you. The bat barely misses you.
The goblin hits you with a +0 dagger.
* * * LOW HITPOINT WARNING * * *
The bat closely misses you. The bat closely misses you.
You aren't carrying any potions.
You aren't carrying any potions.
You aren't carrying any potions.
As you read the scroll labelled KUOFIH IKOURPH, it crumbles to dust.
It is a scroll of identify.
You don't have any unidentified items.
The goblin hits you with a +0 club.
You die...

##...######.. ##'## ##> #..###
## ##...#### ###....###
####...# ###..
##############################)
.........g.Kbg@................
..........############ ######.#
....................# #....#.#
[.......?.###..####.####.##.#.#
..........#.........##.......).
..........#.#..#######......#.#
.....>....#.#......# #......#..
............#...##.###......###
....(.....###...#...........#


You could see 2 goblins, a bat and a kobold.

Vanquished Creatures
  A giant cockroach (D:1)
  A goblin (D:1)
  A hobgoblin (D:1)
  A bat (D:1)
4 creatures vanquished.

Notes
Turn   | Place    | Note
-------+----------+-------------------------------------------
     0 | Abyss:1  | ytrimaz the Demonspawn Abyssal Knight began the quest for
                  | the Orb.
     0 | Abyss:1  | Reached XP level 1. HP: 18/18 MP: 2/2
    50 | Abyss:1  | Noticed a thrashing horror
    53 | D:1      | Escaped the Abyss
   167 | D:1      | Slain by a goblin

Illustrated notes

Levels and vault maps discovered:
D:1:      minmay_arrival_split_and_join, layout_basic,
          dreamdust_ecumenical_altar_hidden_monk_grotto

Action                   || total
-------------------------++-------
Melee: Hand axe          ||    12
Invok: Depart the Abyss  ||     1
  Use: Scroll            ||     1
       Potion            ||     1
Armor: Leather armour    ||    11
Dodge: Dodged            ||    23

Table legend: (Time is in decaauts)
 A = Elapsed time spent in this place.
 B = Non-inter-level travel time spent in this place.
 C = Inter-level travel time spent in this place.
 D = Time resting spent in this place.
 E = Time spent auto-exploring this place.
 F = Levels seen in this place.
 G = Mean time per level.
                   A        B        C        D        E       F      G
               +--------+--------+--------+--------+--------+-----+--------+
         Total |    169 |    169 |      0 |     11 |     90 |   2 |   84.5 |
       Dungeon |    116 |    116 |      0 |     11 |     51 |   1 |  116.0 |
         Abyss |     53 |     53 |      0 |      0 |     39 |   1 |   53.0 |
               +--------+--------+--------+--------+--------+-----+--------+

Top non-repeatable levels by time:
     D:1: 116 daAuts
 Abyss:1: 53 daAuts
